 Dungeon Crawl Stone Soup version 0.27-a0-1065-ge809cff456 (webtiles) character file.

Game seed: 16312008291919077748

398 tardwrangler69 the Chopper (level 7, -1/61 HPs)
             Began as a Formicid Fighter on Apr 23, 2021.
             Slain by a centaur (3 damage)
             ... on level 7 of the Dungeon.
             The game lasted 00:05:09 (4353 turns).

tardwrangler69 the Chopper (Formicid Fighter)       Turns: 4353, Time: 00:05:10

Health: -1/61      AC:  6    Str: 23    XL:     7   Next: 10%
Magic:  7/7        EV:  8    Int:  7    God:
Gold:   169        SH:  9    Dex: 12    Spells: 6/6 levels left

rFire    . . .     SeeInvis +   d - +8 falchion of the Valley of Death {venom, rC+}
rCold    + . .     Faith    .   c - +0 kite shield
rNeg     . . .     Spirit   .   b - +0 scale mail
rPois    .         Reflect  .   (helmet unavailable)
rElec    .         Harm     .   (no cloak)
rCorr    .         Rampage  .   (no gloves)
Will     .....                  (no boots)
Stlth    ..........             (no amulet)
HPRegen  0.20/turn              (no ring)
MPRegen  0.10/turn              (no ring)

@: lethally poisoned (-1 -> -3)
A: permanent stasis, dig shafts and tunnels, antennae 3, four strong arms, agile
1, mutation resistance 1, robust 1
a: Dig, Shaft Self


You were on level 7 of the Dungeon.
You visited 1 branch of the dungeon, and saw 7 of its levels.

You collected 169 gold pieces.

Inventory:

Hand Weapons
 a - a +0 war axe
 d - the +8 falchion of the Valley of Death (weapon) {venom, rC+}
   (You found it on level 9 of the Dungeon)

   It poisons the flesh of those it strikes.
   It protects you from cold.
Armour
 b - a +0 scale mail (worn)
 c - a +0 kite shield (worn)
 j - a +0 tower shield
Jewellery
 o - a ring of poison resistance
Scrolls
 e - a scroll of teleportation
 m - a scroll of vulnerability
 p - a scroll of identify
Potions
 f - a potion of mutation
 g - a potion of flight


   Skills:
 + Level 5.3 Fighting
 * Level 5.9 Axes
 - Level 3.2 Armour
 - Level 3.6 Shields


You had 6 spell levels left.
You didn't know any spells.
Your spell library contained the following spells:

 Spells                   Type           Power      Damage    Failure   Level
 Magic Dart               Conj           0%         1d3       98%         1
 Call Imp                 Summ           0%         N/A       99%         2
 Slow                     Hex            0%         N/A       99%         2
 Conjure Flame            Conj/Fire      0%         6-21      100%        3
 Mephitic Cloud           Conj/Pois/Air  0%         N/A       100%        3
 Blink                    Tloc           Unusable   N/A       N/A         2

Dungeon Overview and Level Annotations

Branches:
Dungeon (9/15)
 Temple: D:4-7         Lair: D:8-11         Orc: D:9-12

Altars:
Ashenzari
Dithmenos
Hepliaklqana
Nemelex Xobeh
Vehumet
Zin

Annotations:
D:3 2 transporters
D:4 Grinder


Innate Abilities, Weirdness & Mutations

You cannot be hasted, slowed, berserked, paralysed or teleported.
You can dig through walls and to a lower floor.
You have a pair of large antennae on your head. (SInv)
Your four strong arms can wield two-handed weapons with a shield.
You are agile. (Dex +2)
You are somewhat resistant to further mutation.
You are robust. (+10% HP)


Message History

The water moccasin bites you.
You are poisoned.
The water moccasin poisons you!
Found 24 gold pieces.
There is a stone staircase leading up here.
You feel very sick.
The centaur unwields a +0 shortbow.
The centaur hits you but does no damage.
The centaur kicks you but does no damage.
The water moccasin closely misses you.
The centaur hits you but does no damage.
The centaur completely misses you.
You climb upwards.
You feel very sick.
There is a stone staircase leading down here.
You hit the centaur.
The centaur is poisoned.
The centaur is lightly wounded.
You feel very sick. The water moccasin bites you.
* * * LOW HITPOINT WARNING * * *
You block the centaur's attack.
The centaur kicks you but does no damage.
You block the water moccasin's attack. You block the centaur's attack.
The centaur kicks you but does no damage.
Okay, then.
You barely miss the centaur.
The centaur is moderately wounded.
* * * LOW HITPOINT WARNING * * *
You feel sick.
The water moccasin bites you but does no damage.
You block the centaur's attack.
The centaur kicks you but does no damage.
You block the water moccasin's attack.
The centaur hits you but does no damage.
The centaur kicks you.
* * * LOW HITPOINT WARNING * * *
You closely miss the water moccasin.
* * * LOW HITPOINT WARNING * * *
You feel sick. You block the water moccasin's attack. The centaur hits you.
You die...

. ##. #
#...#
#.#.#
##.#.#
#....#
#S..#
#c@#
#..##
#...
...#.
.......
.... ..
... ...
... ...


You could see a water moccasin and a centaur (poisoned).

Vanquished Creatures
  A black bear (D:8)
  3 orc priests (D:3)
  2 orc wizards (D:3)
  4 adders
  An ufetubus (D:4)
  5 worms
  2 dart slugs
  10 orcs
  9 endoplasms
  7 giant cockroaches
  4 goblins
  2 hobgoblins
  17 jackals
  5 kobolds
  3 quokkas
  9 ball pythons
  2 bats
  8 frilled lizards
  12 rats
106 creatures vanquished.

Vanquished Creatures (others)
  13 fungi (D:8)
  14 plants (D:8)
27 creatures vanquished.

Grand Total: 133 creatures vanquished

Notes
Turn   | Place    | Note
-------+----------+-------------------------------------------
     0 | D:1      | tardwrangler69 the Formicid Fighter began the quest for the
                  | Orb.
     0 | D:1      | Reached XP level 1. HP: 18/18 MP: 1/1
     1 | D:1      | Found a runed translucent door.
   128 | D:1      | Reached XP level 2. HP: 24/24 MP: 2/2
   326 | D:1      | Reached XP level 3. HP: 25/30 MP: 3/3
  1070 | D:1      | Reached XP level 4. HP: 19/37 MP: 4/4
  1084 | D:1      | Gained mutation: You are robust. (+10% HP) [potion of
                  | mutation]
  1084 | D:1      | Gained mutation: You are agile. (Dex +2) [potion of
                  | mutation]
  1084 | D:1      | Gained mutation: You are somewhat resistant to further
                  | mutation. [potion of mutation]
  1676 | D:2      | Reached XP level 5. HP: 46/46 MP: 5/5
  2297 | D:3      | Found a sparkling altar of Nemelex Xobeh.
  2304 | D:3      | Noticed a yak
  2304 | D:3      | Noticed a wyvern
  2306 | D:3      | Found a transporter.
  2312 | D:3      | Found a transporter.
  2744 | D:3      | Reached XP level 6. HP: 50/53 MP: 6/6
  2849 | D:3      | Found a faded altar of an unknown god.
  2998 | D:3      | Found a shadowy altar of Dithmenos.
  2998 | D:3      | Found a glowing silver altar of Zin.
  3109 | D:3      | Reached skill level 5 in Axes
  3120 | D:3      | HP: 1/55 [orc priest/divine providence (13)]
  3127 | D:3      | You are sucked into a shaft and drop 1 floor!
  3397 | D:3      | Reached skill level 5 in Fighting
  3591 | D:3      | Found a broken altar of Ashenzari.
  3594 | D:3      | Found a radiant altar of Vehumet.
  3690 | D:3      | Found a faded altar of an unknown god.
  3721 | D:3      | Found a hazy altar of Hepliaklqana.
  3839 | D:4      | Noticed Grinder
  3867 | D:4      | You fall into a shaft and drop 3 floors!
  4303 | D:7      | You fall into a shaft and drop 2 floors!
  4307 | D:9      | Noticed a troll
  4308 | D:9      | Identified the +8 falchion of the Valley of Death {venom,
                  | rC+}
  4313 | D:8      | Noticed a water moccasin
  4313 | D:8      | Noticed a black bear
  4313 | D:8      | Noticed a black bear
  4333 | D:8      | Killed a black bear
  4334 | D:8      | Reached XP level 7. HP: 26/61 MP: 7/7
  4352 | D:7      | HP: 3/61 [centaur (1)]
  4353 | D:7      | Slain by a centaur

Illustrated notes

Levels and vault maps discovered:
D:1:      dpeg_arrival_caged_fury, layout_basic, minmay_shallow_snake_nest
D:2:      layout_loops_ring, serial_park_tiny_1, chequers_serial_rivers_micro_a,
          chequers_serial_rivers_small_b
D:3:      layout_loops_ring, gammafunk_temple_overflow_arena,
          beargit_hepliaklqana_dungeon_heroes, nicolae_overflow_hidden_temple,
          shapermc_ecumenical_altar_hornbeckon
D:4:      minmay_evil_eye, layout_cave_pools, lemuel_tele_altar, serial_shops,
          shop, shop, nicolae_underground_beach, uniq_grinder
D:7:      layout_rooms, xom_redecorated, marbit_many_paths,
          minmay_temple_entry_ruins
D:8:      layout_basic, due_lair_maze_entry_diamond, uniq_maurice
D:9:      layout_roguey, nicolae_ru_awakened_eye,
          nicolae_yredelemnul_corpse_copse, david_orc_3

Skill      XL: |  1  2  3  4  5  6 |
---------------+-------------------+-----
Axes           | 3 4 5 |  5.9
Fighting       | 4 5 |  5.3
Armour         | |  3.2
Shields        | |  3.6

Action                   |  1- 3 |  4- 6 |  7- 9 || total
-------------------------+-------+-------+-------++-------
Melee: War axe           |    91 |   205 |       ||   296
       Falchion          |       |     6 |     3 ||     9
 Abil: Shaft Self        |       |     2 |       ||     2
  Use: Potion            |       |     6 |       ||     6
       Scroll            |       |     7 |       ||     7
Armor: Scale mail        |    54 |    70 |    10 ||   134
Dodge: Dodged            |    41 |    74 |     3 ||   118
Block: Kite shield       |    50 |    86 |    12 ||   148
       Tower shield      |    24 |    41 |       ||    65

Table legend: (Time is in decaauts)
 A = Elapsed time spent in this place.
 B = Non-inter-level travel time spent in this place.
 C = Inter-level travel time spent in this place.
 D = Time resting spent in this place.
 E = Time spent auto-exploring this place.
 F = Levels seen in this place.
 G = Mean time per level.
                   A        B        C        D        E       F      G
               +--------+--------+--------+--------+--------+-----+--------+
         Total |   4519 |   4320 |    199 |    619 |   2876 |   7 |  645.6 |
       Dungeon |   4519 |   4320 |    199 |    619 |   2876 |   7 |  645.6 |
               +--------+--------+--------+--------+--------+-----+--------+

Top non-repeatable levels by time:
     D:1: 1322 daAuts
     D:3: 1320 daAuts
     D:2: 1068 daAuts
     D:7: 442 daAuts
     D:4: 316 daAuts
     D:8: 39 daAuts
     D:9: 9 daAuts
